Ice Dragons vs River Frogs
Created - October 24, 2020 at 21:07
Goals
|
| Ice Dragons |
0 |
2 |
4 |
6 |
| River Frogs |
1 |
2 |
0 |
3 |
|
Shots
|
| Ice Dragons |
11 |
5 |
6 |
22 |
| River Frogs |
16 |
12 |
5 |
33 |
|
1st period
1. River Frogs , Emerson Etem 1 (Christian Hanson 2, Nikita Zadorov 2) at 13:58
Penalties :
Aaron Ness (Lou) for Tripping (Minor) at 9:30
2nd period
2. Ice Dragons , Corban Knight 1 (Kevin Connauton 3) at 9:33
3. River Frogs , Joakim Nordstrom 1 (Andrew Gordon 1, Timothy Kunes 5) at 15:32
4. Ice Dragons , Theodor Blueger 2 (Logan MacMillan 1, Chris Wagner 2) at 17:47
5. River Frogs , Andrew Gordon 2 (Dominik Simon 6) at 18:39 (PP)
Penalties :
Alex Plante (Kin) for Hooking (Minor) at 11:07, Timothy Kunes (Lou) for Diving (Minor) at 15:40, Corban Knight (Kin) for Roughing (Minor) at 18:04
3rd period
6. Ice Dragons , Kevin Connauton 1 (Billy Sweat 3) at 1:50
7. Ice Dragons , William Carrier 1 (Emil Pettersson 1, Kevin Connauton 4) at 3:56
8. Ice Dragons , Chris Wagner 1 (Emil Pettersson 2, William Carrier 1) at 5:31
9. Ice Dragons , Phil Di Giuseppe 1 (Billy Sweat 4, Corban Knight 2) at 14:08
Penalties :
Juho Lammikko (Kin) for Interference (Minor) at 8:31, Corban Knight (Kin) for Tripping (Minor) at 11:47, Timothy Kunes (Lou) for Hooking (Minor) at 14:30, Emil Pettersson (Kin) for Hooking (Minor) at 18:48
Goalie Stats
Chet Pickard (Kin), 30 saves from 33 shots - (0.909), W, 1-2-0, 60:00 minutes
Thomas Greiss (Lou), 15 saves from 20 shots - (0.750), L, 2-1-0, 45:31 minutes
Tyler Beskorowany (Lou), 1 saves from 2 shots - (0.500), 14:29 minutes
Players Stats for Ice Dragons
Player Name G A P +/- PIM S H SB GA TA FO MP PP MP PK MP
------------------------------------------------------------------------------------
Adam Clendening 0 0 0 1 0 0 5 2 0 0 0/0 19:42 2:24 2:38
Alex Plante 0 0 0 1 2 0 1 1 0 1 0/0 11:23 0:00 0:00
Billy Sweat 0 2 2 1 0 2 1 0 0 0 1/1 15:48 2:37 1:18
Brandon Kozun 0 0 0 1 0 2 2 1 0 0 0/2 17:39 3:00 0:00
Chris Wagner 1 1 2 2 0 1 1 0 0 0 0/0 12:04 0:20 0:00
Corban Knight 1 1 2 1 4 3 2 0 0 0 18/31 20:39 3:00 2:46
Emil Pettersson 0 2 2 2 2 2 0 0 0 1 3/6 11:59 0:00 0:02
Jerome Gauthier-Leduc 0 0 0 1 0 0 0 0 0 0 0/0 11:18 0:00 0:00
Jordan LaVallee 0 0 0 1 0 2 1 0 1 0 1/2 21:56 3:00 4:17
Juho Lammikko 0 0 0 0 2 1 0 1 2 0 0/0 8:08 0:00 0:00
Justin Shugg 0 0 0 1 0 1 2 0 0 0 1/1 13:55 2:37 0:00
Kevin Connauton 1 2 3 2 0 1 1 2 1 2 0/0 29:00 3:33 5:05
Logan MacMillan 0 1 1 0 0 0 1 0 1 0 0/0 7:34 0:00 0:00
Mario Lucia 0 0 0 0 0 0 0 0 0 0 0/0 0:22 0:20 0:00
Phil Di Giuseppe 1 0 1 1 0 1 0 0 0 0 0/0 1:52 0:20 1:16
Robin Norell 0 0 0 -1 0 0 0 1 0 0 0/0 2:58 0:00 0:00
Sam Carrick 0 0 0 0 0 0 1 1 0 0 4/10 16:25 2:37 2:01
Samuel Groulx 0 0 0 1 0 0 2 0 0 1 0/0 19:42 2:24 2:38
Theodor Blueger 1 0 1 0 0 2 0 0 0 0 1/2 9:06 0:00 1:18
William Carrier 1 1 2 2 0 3 5 3 0 1 0/2 14:40 0:00 2:28
Zach Trotman 0 0 0 3 0 1 3 0 1 0 0/0 26:02 3:33 5:05
Players Stats for River Frogs
Player Name G A P +/- PIM S H SB GA TA FO MP PP MP PK MP
------------------------------------------------------------------------------------
Aaron Ness 0 0 0 -4 2 2 0 0 0 0 0/0 12:19 0:19 0:00
Andrew Gordon 1 1 2 1 0 2 0 1 0 1 0/0 13:03 3:24 0:40
Austin Watson 0 0 0 -3 0 1 1 1 0 0 1/1 10:42 0:00 0:46
Christian Hanson 0 1 1 1 0 1 0 0 0 0 1/1 3:44 0:00 0:59
David Kolomatis 0 0 0 -5 0 0 1 3 0 2 0/0 14:19 0:19 1:54
Dominik Simon 0 1 1 -2 0 2 0 0 0 0 10/24 20:42 2:55 1:34
Emerson Etem 1 0 1 -1 0 4 1 0 1 1 0/5 18:33 4:09 2:59
Jared Knight 0 0 0 -2 0 1 2 1 1 0 2/6 13:04 0:00 2:06
Joakim Nordstrom 1 0 1 1 0 1 3 0 0 0 0/0 12:12 0:23 2:10
Justin Florek 0 0 0 -1 0 1 0 0 0 0 0/0 14:03 2:52 0:00
Matt Calvert 0 0 0 -1 0 5 3 2 1 0 0/0 20:25 4:11 0:40
Mitch Marner 0 0 0 -2 0 6 0 0 0 0 2/3 19:28 1:58 0:00
Morgan Rielly 0 0 0 -1 0 0 2 0 1 0 0/0 20:52 3:27 2:59
Nikita Zadorov 0 1 1 2 0 2 1 1 0 1 0/0 27:05 3:57 3:20
Ondrej Kase 0 0 0 -3 0 0 4 0 0 0 8/11 17:46 3:17 0:00
Ryan Fitzgerald 0 0 0 1 0 1 0 1 0 0 4/6 9:21 0:00 0:00
Shea Theodore 0 0 0 -2 0 4 0 0 0 1 0/0 20:38 3:27 2:37
Timothy Kunes 0 1 1 1 4 0 0 0 2 0 0/0 25:44 3:57 1:04
3 Stars
1 - William Carrier (Kin)
2 - Kevin Connauton (Kin)
3 - Chris Wagner (Kin)
Power Play
Ice Dragons - 0 on 3 Attempt(s) - 0.00%
River Frogs - 1 on 5 Attempt(s) - 20.00%
Penalty Kill
Ice Dragons - 4 on 5 Attempt(s) - 80.00%
- Score 0 goal in Penalty Kill
River Frogs - 3 on 3 Attempt(s) - 100.00%
- Score 0 goal in Penalty Kill
Team Stat
Ice Dragons - Hits : 28 - Faceoff Wins : 29 - Blocked Shots : 12 - Penalty Minutes : 10
River Frogs - Hits : 18 - Faceoff Wins : 28 - Blocked Shots : 10 - Penalty Minutes : 6
Official
Referees : Unknown
Linesman : Unknown
Game Notes
Christian Hanson is injured at 14:46 of 1st period (Groin)
Tyler Beskorowany enters game at 5:31 of 3rd period
Sam Carrick is injured at 19:55 of 3rd period (Strained Right Elbow)
Finance
Level 1 -- Attendance: 1355 (67.75%) -- Ticket Income $54,200
Level 2 -- Attendance: 672 (67.20%) -- Ticket Income $13,440
Total Attendance: 2027 (67.57%)
Total Ticket Income: $67,640
Other Income: $3,382
Total Income: $71,022
Ice Dragons
5 vs 5 Forward
Center Left Wing Right Wing Time % Phy DF OF
1 Corban Knight Jordan LaVallee Brandon Kozun 40 1 2 2
2 Sam Carrick Billy Sweat Justin Shugg 30 1 2 2
3 Emil Pettersson William Carrier Chris Wagner 20 1 2 2
4 Theodor Blueger Logan MacMillan Juho Lammikko 10 1 2 2
5 vs 5 Defense
Defense Defense Time % Phy DF OF
1 Kevin Connauton Zach Trotman 40 1 2 2
2 Samuel Groulx Adam Clendening 30 1 2 2
3 Alex Plante Jerome Gauthier-Leduc 20 1 2 2
4 Robin Norell Kevin Connauton 10 1 2 2
PowerPlay Forward
Center Left Wing Right Wing Time % Phy DF OF
1 Corban Knight Jordan LaVallee Brandon Kozun 60 1 2 2
2 Sam Carrick Billy Sweat Justin Shugg 40 1 2 2
PowerPlay Defense
Defense Defense Time % Phy DF OF
1 Kevin Connauton Zach Trotman 60 1 2 2
2 Samuel Groulx Adam Clendening 40 1 2 2
Penalty Kill 4 Players Forward
Center Wing Time % Phy DF OF
1 Corban Knight Jordan LaVallee 60 1 2 2
2 Billy Sweat Sam Carrick 40 1 2 2
Penalty Kill 4 Players Defense
Defense Defense Time % Phy DF OF
1 Kevin Connauton Zach Trotman 60 1 2 2
2 Samuel Groulx Adam Clendening 40 1 2 2
Penalty Kill - 3 Players Forward
Forward Time % Phy DF OF
1 Corban Knight 60 1 2 2
2 Jordan LaVallee 40 1 2 2
Penalty Kill - 3 Players Defense
Defense Defense Time % Phy DF OF
1 Kevin Connauton Zach Trotman 60 1 2 2
2 Samuel Groulx Adam Clendening 40 1 2 2
4 vs 4 Forward
Center Wing Time % Phy DF OF
1 Corban Knight Jordan LaVallee 60 1 2 2
2 Billy Sweat Sam Carrick 40 1 2 2
4 vs 4 Defense
Defense Defense Time % Phy DF OF
1 Kevin Connauton Zach Trotman 60 1 2 2
2 Samuel Groulx Adam Clendening 40 1 2 2
Last Minutes Offensive
Center Left Wing Right Wing Defense Defense
Corban Knight Jordan LaVallee Brandon Kozun Kevin Connauton Zach Trotman
Last Minutes Defensive
Center Left Wing Right Wing Defense Defense
Corban Knight Jordan LaVallee Brandon Kozun Kevin Connauton Zach Trotman
Goaltenders
Starting : Chet Pickard
Backup : Joacim Eriksson
Extra Forwards
Normal : Phil Di Giuseppe, Mario Lucia, William Carrier - PP : Phil Di Giuseppe, Mario Lucia - PK : William Carrier
Extra Defensemen
Normal : Alex Plante, Jerome Gauthier-Leduc, Robin Norell - PP : Alex Plante - PK : Jerome Gauthier-Leduc, Robin Norell
Penalty Shots
Corban Knight, Jordan LaVallee, Billy Sweat, Sam Carrick, William Carrier
Scratches
Thomas Gobeil (Healthy), Alex Henriksson (Healthy), Cole Ully (Healthy), Oscar Dansk (Healthy)
River Frogs
5 vs 5 Forward
Center Left Wing Right Wing Time % Phy DF OF
1 Dominik Simon Matt Calvert Mitch Marner 40 1 2 2
2 Christian Hanson Justin Florek Emerson Etem 23 1 2 2
3 Jared Knight Austin Watson Ondrej Kase 19 1 2 2
4 Ryan Fitzgerald Joakim Nordstrom Andrew Gordon 18 1 2 2
5 vs 5 Defense
Defense Defense Time % Phy DF OF
1 Nikita Zadorov Timothy Kunes 40 1 2 2
2 Shea Theodore Morgan Rielly 30 1 2 2
3 Aaron Ness David Kolomatis 20 1 2 2
4 Nikita Zadorov Timothy Kunes 10 1 2 2
PowerPlay Forward
Center Left Wing Right Wing Time % Phy DF OF
1 Christian Hanson Matt Calvert Emerson Etem 60 1 2 2
2 Dominik Simon Justin Florek Andrew Gordon 40 1 2 2
PowerPlay Defense
Defense Defense Time % Phy DF OF
1 Nikita Zadorov Timothy Kunes 60 1 2 2
2 Shea Theodore Morgan Rielly 40 1 2 2
Penalty Kill 4 Players Forward
Center Wing Time % Phy DF OF
1 Emerson Etem Christian Hanson 60 1 2 2
2 Matt Calvert Andrew Gordon 40 1 2 2
Penalty Kill 4 Players Defense
Defense Defense Time % Phy DF OF
1 Nikita Zadorov Timothy Kunes 60 1 2 2
2 Shea Theodore Morgan Rielly 40 1 2 2
Penalty Kill - 3 Players Forward
Forward Time % Phy DF OF
1 Emerson Etem 60 1 2 2
2 Christian Hanson 40 1 2 2
Penalty Kill - 3 Players Defense
Defense Defense Time % Phy DF OF
1 Nikita Zadorov Timothy Kunes 60 1 2 2
2 Shea Theodore Morgan Rielly 40 1 2 2
4 vs 4 Forward
Center Wing Time % Phy DF OF
1 Emerson Etem Christian Hanson 60 1 2 2
2 Matt Calvert Andrew Gordon 40 1 2 2
4 vs 4 Defense
Defense Defense Time % Phy DF OF
1 Nikita Zadorov Timothy Kunes 60 1 2 2
2 Shea Theodore Morgan Rielly 40 1 2 2
Last Minutes Offensive
Center Left Wing Right Wing Defense Defense
Christian Hanson Matt Calvert Emerson Etem Nikita Zadorov Timothy Kunes
Last Minutes Defensive
Center Left Wing Right Wing Defense Defense
Christian Hanson Matt Calvert Emerson Etem Nikita Zadorov Timothy Kunes
Goaltenders
Starting : Thomas Greiss
Backup : Tyler Beskorowany
Extra Forwards
Normal : Ondrej Kase, Mitch Marner, Jared Knight - PP : Ondrej Kase, Mitch Marner - PK : Jared Knight
Extra Defensemen
Normal : Aaron Ness, David Kolomatis, Shea Theodore - PP : Aaron Ness - PK : David Kolomatis, Shea Theodore
Penalty Shots
Emerson Etem, Christian Hanson, Matt Calvert, Andrew Gordon, Justin Florek
Scratches
Matt Grzelcyk (Healthy), Cameron Hughes (Healthy), Maxim Mamin (Healthy), Bobby Farnham (Healthy), Dillon Heatherington (Healthy)
Francis Perron (Healthy), Beau Starrett (Healthy), Richard Nejezchleb (Healthy), Phoenix Copley (Healthy)
% Time on Ice - Ice Dragons
Lines # - Real PCT - Wanted PCT - Time Play
Normal Forward
1 - 33% - 40% - 15:11
2 - 26% - 30% - 11:53
3 - 25% - 20% - 11:42
4 - 16% - 10% - 7:34
Normal Defense
1 - 38% - 40% - 17:24
2 - 32% - 30% - 14:40
3 - 24% - 20% - 11:18
4 - 6% - 10% - 2:58
PP Forward
1 - 56% - 60% - 3:20
2 - 44% - 40% - 2:37
PP Defense
1 - 60% - 60% - 3:33
2 - 40% - 40% - 2:24
PK Forward
1 - 83% - 60% - 6:25
2 - 17% - 40% - 1:18
PK Defense
1 - 66% - 60% - 5:05
2 - 34% - 40% - 2:38
PK3 Forward
1 - 0% - 60%
2 - 0% - 40%
PK3 Defense
1 - 0% - 60%
2 - 0% - 40%
44 Forward
1 - 0% - 60%
2 - 0% - 40%
44 Defense
1 - 0% - 60%
2 - 0% - 40%
Last Minute Offensive - 0:00
Last Minute Defensive - 0:00
Total
Forward - 60:00
Defense - 60:00
|
% Time on Ice - River Frogs
Lines # - Real PCT - Wanted PCT - Time Play
Normal Forward
1 - 36% - 40% - 16:49
2 - 24% - 23% - 11:11
3 - 19% - 19% - 8:59
4 - 20% - 18% - 9:21
Normal Defense
1 - 38% - 40% - 17:31
2 - 31% - 30% - 14:26
3 - 25% - 20% - 11:44
4 - 6% - 10% - 2:39
PP Forward
1 - 63% - 60% - 4:51
2 - 37% - 40% - 2:52
PP Defense
1 - 55% - 60% - 4:16
2 - 45% - 40% - 3:27
PK Forward
1 - 89% - 60% - 5:17
2 - 11% - 40% - 0:40
PK Defense
1 - 58% - 60% - 3:28
2 - 42% - 40% - 2:29
PK3 Forward
1 - 0% - 60%
2 - 0% - 40%
PK3 Defense
1 - 0% - 60%
2 - 0% - 40%
44 Forward
1 - 0% - 60%
2 - 0% - 40%
44 Defense
1 - 0% - 60%
2 - 0% - 40%
Last Minute Offensive - 0:00
Last Minute Defensive - 0:00
Total
Forward - 60:00
Defense - 60:00
|
Play-by-Play
1st period
0:01 of 1st period - Corban Knight wins face-off versus Dominik Simon in neutral zone.
1:08 of 1st period - Slapshot by Shea Theodore.
1:08 of 1st period - Shot Blocked by Juho Lammikko.
1:24 of 1st period - Slapshot by Mitch Marner.
1:24 of 1st period - Stopped by Chet Pickard without a rebound.
1:25 of 1st period - Dominik Simon wins face-off versus Corban Knight in Ice Dragons zone.
1:28 of 1st period - Wrist shot by Mitch Marner.
1:28 of 1st period - Shot Misses the Net.
1:40 of 1st period - David Kolomatis is hit by Alex Plante and loses puck.
1:56 of 1st period - Wrist shot by Christian Hanson.
1:56 of 1st period - Shot Misses the Net.
1:58 of 1st period - Wrist shot by Christian Hanson.
1:58 of 1st period - Shot Blocked by Alex Plante.
3:02 of 1st period - Snap shot by Matt Calvert.
3:02 of 1st period - Shot Misses the Net.
3:04 of 1st period - Snap shot by Matt Calvert.
3:04 of 1st period - Stopped by Chet Pickard without a rebound.
3:05 of 1st period - Theodor Blueger wins face-off versus Dominik Simon in Ice Dragons zone.
3:47 of 1st period - Slapshot by Theodor Blueger.
3:47 of 1st period - Stopped by Thomas Greiss without a rebound.
3:48 of 1st period - Sam Carrick wins face-off versus Emerson Etem in River Frogs zone.
4:13 of 1st period - Nikita Zadorov is hit by Brandon Kozun and loses puck.
4:18 of 1st period - Wrist shot by Corban Knight.
4:18 of 1st period - Deflect By Jordan LaVallee.
4:18 of 1st period - Stopped by Thomas Greiss with a rebound.
4:20 of 1st period - Slapshot by Kevin Connauton.
4:20 of 1st period - Deflect By Brandon Kozun.
4:20 of 1st period - Stopped by Thomas Greiss with a rebound.
4:39 of 1st period - Off-side.
4:40 of 1st period - Dominik Simon wins face-off versus Sam Carrick in neutral zone.
4:49 of 1st period - Mitch Marner is hit by Adam Clendening and loses puck.
4:55 of 1st period - Icing by Morgan Rielly.
4:56 of 1st period - Corban Knight wins face-off versus Dominik Simon in River Frogs zone.
5:03 of 1st period - Snap shot by Mitch Marner.
5:03 of 1st period - Stopped by Chet Pickard with a rebound.
5:05 of 1st period - Snap shot by Matt Calvert.
5:05 of 1st period - Stopped by Chet Pickard with a rebound.
5:07 of 1st period - Slapshot by Morgan Rielly.
5:07 of 1st period - Shot Blocked by Kevin Connauton.
5:09 of 1st period - Slapshot by Shea Theodore.
5:09 of 1st period - Stopped by Chet Pickard with a rebound.
5:17 of 1st period - Slapshot by Mitch Marner.
5:17 of 1st period - Deflect By Dominik Simon.
5:17 of 1st period - Stopped by Chet Pickard with a rebound.
5:19 of 1st period - Wrist shot by Dominik Simon.
5:19 of 1st period - Deflect By Matt Calvert.
5:19 of 1st period - Stopped by Chet Pickard with a rebound.
5:21 of 1st period - Slapshot by Shea Theodore.
5:21 of 1st period - Stopped by Chet Pickard with a rebound.
5:39 of 1st period - Snap shot by Dominik Simon.
5:39 of 1st period - Shot Blocked by Brandon Kozun.
5:47 of 1st period - Snap shot by Matt Calvert.
5:47 of 1st period - Stopped by Chet Pickard with a rebound.
5:49 of 1st period - Snap shot by Mitch Marner.
5:49 of 1st period - Stopped by Chet Pickard with a rebound.
5:59 of 1st period - Snap shot by Dominik Simon.
5:59 of 1st period - Deflect By Matt Calvert.
5:59 of 1st period - Shot Hit the Post.
5:59 of 1st period - Puck is out of play.
6:00 of 1st period - Christian Hanson wins face-off versus Sam Carrick in Ice Dragons zone.
6:25 of 1st period - Chris Wagner is hit by Austin Watson and loses puck.
7:19 of 1st period - Slapshot by Justin Florek.
7:19 of 1st period - Stopped by Chet Pickard without a rebound.
7:20 of 1st period - Emil Pettersson wins face-off versus Jared Knight in Ice Dragons zone.
7:20 of 1st period - Emil Pettersson is hit by Ondrej Kase.
7:26 of 1st period - Ondrej Kase is hit by Zach Trotman and loses puck.
7:47 of 1st period - Nikita Zadorov is hit by Jordan LaVallee.
8:32 of 1st period - Nikita Zadorov is hit by Samuel Groulx and loses puck.
8:43 of 1st period - Snap shot by Andrew Gordon.
8:43 of 1st period - Shot Misses the Net.
8:51 of 1st period - Timothy Kunes is hit by Logan MacMillan.
9:02 of 1st period - Wrist shot by Theodor Blueger.
9:02 of 1st period - Deflect By Juho Lammikko.
9:02 of 1st period - Stopped by Thomas Greiss without a rebound.
9:03 of 1st period - Dominik Simon wins face-off versus Corban Knight in River Frogs zone.
9:08 of 1st period - Wrist shot by Jordan LaVallee.
9:08 of 1st period - Stopped by Thomas Greiss without a rebound.
9:09 of 1st period - Dominik Simon wins face-off versus Corban Knight in River Frogs zone.
9:14 of 1st period - Slapshot by Corban Knight.
9:14 of 1st period - Stopped by Thomas Greiss with a rebound.
9:16 of 1st period - Slapshot by Jordan LaVallee.
9:16 of 1st period - Shot Misses the Net.
9:18 of 1st period - Wrist shot by Corban Knight.
9:18 of 1st period - Shot Blocked by David Kolomatis.
9:20 of 1st period - Snap shot by Zach Trotman.
9:20 of 1st period - Deflect By David Kolomatis.
9:20 of 1st period - Stopped by Thomas Greiss with a rebound.
9:22 of 1st period - Wrist shot by Corban Knight.
9:22 of 1st period - Shot Hit the Post.
9:30 of 1st period - Minor Penalty to Aaron Ness for Tripping.
9:31 of 1st period - Corban Knight wins face-off versus Emerson Etem in River Frogs zone.
10:24 of 1st period - Shea Theodore is hit by Adam Clendening and loses puck.
11:30 of 1st period - Penalty to Aaron Ness is over, Aaron Ness is back on ice.
11:44 of 1st period - Slapshot by Aaron Ness.
11:44 of 1st period - Stopped by Chet Pickard with a rebound.
12:38 of 1st period - Snap shot by Shea Theodore.
12:38 of 1st period - Deflect By Zach Trotman.
12:38 of 1st period - Stopped by Chet Pickard with a rebound.
12:40 of 1st period - Wrist shot by Morgan Rielly.
12:40 of 1st period - Deflect By Austin Watson.
12:40 of 1st period - Stopped by Chet Pickard with a rebound.
12:50 of 1st period - Zach Trotman is hit by Morgan Rielly and loses puck.
12:55 of 1st period - Wrist shot by Emerson Etem.
12:55 of 1st period - Deflect By Christian Hanson.
12:55 of 1st period - Stopped by Chet Pickard with a rebound.
13:06 of 1st period - Off-side.
13:07 of 1st period - Corban Knight wins face-off versus Ryan Fitzgerald in neutral zone.
13:16 of 1st period - Snap shot by Jordan LaVallee.
13:16 of 1st period - Shot Misses the Net.
13:18 of 1st period - Wrist shot by Corban Knight.
13:18 of 1st period - Stopped by Thomas Greiss with a rebound.
13:37 of 1st period - Dominik Simon is hit by William Carrier and loses puck.
13:52 of 1st period - Snap shot by Billy Sweat.
13:52 of 1st period - Shot Misses the Net.
13:58 of 1st period - Slapshot by Emerson Etem.
13:58 of 1st period - Goal by Emerson Etem - Ice Dragons : 0 - River Frogs : 1.
13:59 of 1st period - Dominik Simon wins face-off versus Jordan LaVallee in neutral zone.
14:03 of 1st period - Off-side.
14:04 of 1st period - Dominik Simon wins face-off versus Corban Knight in neutral zone.
14:07 of 1st period - Jordan LaVallee is hit by Matt Calvert and loses puck.
14:14 of 1st period - Dominik Simon is hit by Brandon Kozun and loses puck.
14:45 of 1st period - Christian Hanson is hit by William Carrier and loses puck.
14:46 of 1st period - Christian Hanson from River Frogs is injured at 14:46 of 1st period (Groin).
14:47 of 1st period - Corban Knight wins face-off versus Dominik Simon in River Frogs zone.
14:56 of 1st period - Wrist shot by Dominik Simon.
14:56 of 1st period - Shot Misses the Net.
14:58 of 1st period - Slapshot by Nikita Zadorov.
14:58 of 1st period - Shot Misses the Net.
15:00 of 1st period - Wrist shot by Matt Calvert.
15:00 of 1st period - Shot Misses the Net.
16:13 of 1st period - Brandon Kozun is hit by Ondrej Kase and loses puck.
16:28 of 1st period - Wrist shot by Sam Carrick.
16:28 of 1st period - Shot Blocked by Andrew Gordon.
16:30 of 1st period - Slapshot by Samuel Groulx.
16:30 of 1st period - Shot Misses the Net.
16:32 of 1st period - Wrist shot by Justin Shugg.
16:32 of 1st period - Deflect By Andrew Gordon.
16:32 of 1st period - Stopped by Thomas Greiss with a rebound.
16:48 of 1st period - Snap shot by Ondrej Kase.
16:48 of 1st period - Shot Misses the Net.
17:09 of 1st period - Slapshot by Jordan LaVallee.
17:09 of 1st period - Shot Misses the Net.
18:06 of 1st period - Off-side.
18:07 of 1st period - Billy Sweat wins face-off versus Jared Knight in neutral zone.
18:25 of 1st period - Icing by Samuel Groulx.
18:26 of 1st period - Sam Carrick wins face-off versus Dominik Simon in Ice Dragons zone.
18:32 of 1st period - Slapshot by Samuel Groulx.
18:32 of 1st period - Deflect By Billy Sweat.
18:32 of 1st period - Shot Misses the Net.
18:32 of 1st period - Puck is out of play.
18:33 of 1st period - Dominik Simon wins face-off versus Corban Knight in River Frogs zone.
18:40 of 1st period - Wrist shot by Brandon Kozun.
18:40 of 1st period - Stopped by Thomas Greiss without a rebound.
18:41 of 1st period - Corban Knight wins face-off versus Dominik Simon in River Frogs zone.
18:56 of 1st period - Snap shot by Brandon Kozun.
18:56 of 1st period - Deflect By Corban Knight.
18:56 of 1st period - Shot Misses the Net.
18:56 of 1st period - Puck is out of play.
18:57 of 1st period - Jared Knight wins face-off versus Sam Carrick in River Frogs zone.
19:33 of 1st period - Wrist shot by Emil Pettersson.
19:33 of 1st period - Stopped by Thomas Greiss without a rebound.
19:34 of 1st period - Ondrej Kase wins face-off versus Corban Knight in River Frogs zone.
Goals for this period are 0 for Ice Dragons vs 1 for River Frogs.
Shots for this period are 11 for Ice Dragons vs 16 for River Frogs.
2nd period
0:01 of 2nd period - Corban Knight wins face-off versus Dominik Simon in neutral zone.
0:26 of 2nd period - Kevin Connauton is hit by Jared Knight and loses puck.
1:03 of 2nd period - Wrist shot by Shea Theodore.
1:03 of 2nd period - Stopped by Chet Pickard without a rebound.
1:04 of 2nd period - Ryan Fitzgerald wins face-off versus Corban Knight in Ice Dragons zone.
2:10 of 2nd period - Jerome Gauthier-Leduc is hit by Ondrej Kase and loses puck.
2:37 of 2nd period - Jerome Gauthier-Leduc is hit by Joakim Nordstrom.
3:19 of 2nd period - Off-side.
3:20 of 2nd period - Ryan Fitzgerald wins face-off versus Sam Carrick in neutral zone.
3:30 of 2nd period - Wrist shot by Andrew Gordon.
3:30 of 2nd period - Stopped by Chet Pickard with a rebound.
3:46 of 2nd period - Jordan LaVallee is hit by Jared Knight and loses puck.
4:51 of 2nd period - Slapshot by Emil Pettersson.
4:51 of 2nd period - Shot Misses the Net.
4:53 of 2nd period - Slapshot by Adam Clendening.
4:53 of 2nd period - Shot Misses the Net.
4:55 of 2nd period - Snap shot by Samuel Groulx.
4:55 of 2nd period - Shot Blocked by David Kolomatis.
4:57 of 2nd period - Snap shot by Adam Clendening.
4:57 of 2nd period - Shot Blocked by Ryan Fitzgerald.
5:36 of 2nd period - Off-side.
5:37 of 2nd period - Jared Knight wins face-off versus Corban Knight in neutral zone.
5:48 of 2nd period - Ondrej Kase is hit by Corban Knight and loses puck.
6:07 of 2nd period - Snap shot by William Carrier.
6:07 of 2nd period - Stopped by Thomas Greiss without a rebound.
6:08 of 2nd period - Dominik Simon wins face-off versus Emil Pettersson in River Frogs zone.
6:19 of 2nd period - Matt Calvert is hit by Chris Wagner and loses puck.
6:33 of 2nd period - Shea Theodore is hit by William Carrier.
6:37 of 2nd period - Snap shot by Dominik Simon.
6:37 of 2nd period - Shot Blocked by William Carrier.
6:39 of 2nd period - Snap shot by Mitch Marner.
6:39 of 2nd period - Stopped by Chet Pickard with a rebound.
6:41 of 2nd period - Slapshot by Nikita Zadorov.
6:41 of 2nd period - Shot Blocked by William Carrier.
6:43 of 2nd period - Snap shot by Dominik Simon.
6:43 of 2nd period - Shot Blocked by Robin Norell.
6:45 of 2nd period - Slapshot by Nikita Zadorov.
6:45 of 2nd period - Stopped by Chet Pickard with a rebound.
6:47 of 2nd period - Snap shot by Matt Calvert.
6:47 of 2nd period - Shot Misses the Net.
6:49 of 2nd period - Wrist shot by Mitch Marner.
6:49 of 2nd period - Stopped by Chet Pickard without a rebound.
6:50 of 2nd period - Jordan LaVallee wins face-off versus Jared Knight in Ice Dragons zone.
7:10 of 2nd period - Samuel Groulx is hit by Ondrej Kase and loses puck.
7:25 of 2nd period - Wrist shot by Ryan Fitzgerald.
7:25 of 2nd period - Shot Misses the Net.
7:27 of 2nd period - Slapshot by Aaron Ness.
7:27 of 2nd period - Shot Misses the Net.
7:29 of 2nd period - Snap shot by Aaron Ness.
7:29 of 2nd period - Stopped by Chet Pickard with a rebound.
7:51 of 2nd period - Slapshot by Billy Sweat.
7:51 of 2nd period - Deflect By Sam Carrick.
7:51 of 2nd period - Shot Misses the Net.
7:51 of 2nd period - Puck is out of play.
7:52 of 2nd period - Sam Carrick wins face-off versus Ondrej Kase in River Frogs zone.
7:53 of 2nd period - Snap shot by Billy Sweat.
7:53 of 2nd period - Stopped by Thomas Greiss with a rebound.
8:49 of 2nd period - Wrist shot by Shea Theodore.
8:49 of 2nd period - Shot Blocked by William Carrier.
8:58 of 2nd period - Icing by Zach Trotman.
8:59 of 2nd period - Ondrej Kase wins face-off versus Sam Carrick in Ice Dragons zone.
9:29 of 2nd period - Slapshot by Kevin Connauton.
9:29 of 2nd period - Shot Blocked by Matt Calvert.
9:33 of 2nd period - Slapshot by Corban Knight.
9:33 of 2nd period - Goal by Corban Knight - Ice Dragons : 1 - River Frogs : 1.
9:34 of 2nd period - Corban Knight wins face-off versus Dominik Simon in neutral zone.
11:07 of 2nd period - Minor Penalty to Alex Plante for Hooking.
11:08 of 2nd period - Corban Knight wins face-off versus Emerson Etem in Ice Dragons zone.
11:13 of 2nd period - Slapshot by Emerson Etem.
11:13 of 2nd period - Shot Hit the Post.
11:23 of 2nd period - Wrist shot by Emerson Etem.
11:23 of 2nd period - Stopped by Chet Pickard with a rebound.
11:42 of 2nd period - Slapshot by Andrew Gordon.
11:42 of 2nd period - Shot Misses the Net.
11:52 of 2nd period - Zach Trotman is hit by Matt Calvert and loses puck.
13:07 of 2nd period - Penalty to Alex Plante is over, Alex Plante is back on ice.
13:20 of 2nd period - Snap shot by William Carrier.
13:20 of 2nd period - Stopped by Thomas Greiss without a rebound.
13:21 of 2nd period - Sam Carrick wins face-off versus Ryan Fitzgerald in River Frogs zone.
13:22 of 2nd period - Wrist shot by Billy Sweat.
13:22 of 2nd period - Shot Misses the Net.
13:52 of 2nd period - Snap shot by Mitch Marner.
13:52 of 2nd period - Stopped by Chet Pickard with a rebound.
14:22 of 2nd period - Icing by Shea Theodore.
14:23 of 2nd period - Ryan Fitzgerald wins face-off versus Sam Carrick in River Frogs zone.
14:46 of 2nd period - David Kolomatis is hit by Corban Knight and loses puck.
15:32 of 2nd period - Wrist shot by Joakim Nordstrom.
15:32 of 2nd period - Goal by Joakim Nordstrom - Ice Dragons : 1 - River Frogs : 2.
15:33 of 2nd period - Corban Knight wins face-off versus Dominik Simon in neutral zone.
15:38 of 2nd period - Wrist shot by Corban Knight.
15:38 of 2nd period - Shot Blocked by Matt Calvert.
15:40 of 2nd period - Minor Penalty to Timothy Kunes for Diving.
15:41 of 2nd period - Corban Knight wins face-off versus Emerson Etem in River Frogs zone.
16:06 of 2nd period - David Kolomatis is hit by Justin Shugg and loses puck.
17:40 of 2nd period - Penalty to Timothy Kunes is over, Timothy Kunes is back on ice.
17:47 of 2nd period - Slapshot by Logan MacMillan.
17:47 of 2nd period - Deflect By Theodor Blueger.
17:47 of 2nd period - Goal by Theodor Blueger - Ice Dragons : 2 - River Frogs : 2.
17:48 of 2nd period - Ondrej Kase wins face-off versus Brandon Kozun in neutral zone.
17:50 of 2nd period - Nikita Zadorov is hit by Zach Trotman and loses puck.
17:55 of 2nd period - Snap shot by Emerson Etem.
17:55 of 2nd period - Stopped by Chet Pickard without a rebound.
17:56 of 2nd period - Ondrej Kase wins face-off versus Corban Knight in Ice Dragons zone.
17:57 of 2nd period - Wrist shot by Emerson Etem.
17:57 of 2nd period - Shot Misses the Net.
18:01 of 2nd period - Wrist shot by Emerson Etem.
18:01 of 2nd period - Stopped by Chet Pickard without a rebound.
18:02 of 2nd period - Corban Knight wins face-off versus Dominik Simon in Ice Dragons zone.
18:04 of 2nd period - Minor Penalty to Corban Knight for Roughing.
18:05 of 2nd period - Ondrej Kase wins face-off versus William Carrier in Ice Dragons zone.
18:39 of 2nd period - Snap shot by Andrew Gordon.
18:39 of 2nd period - Goal by Andrew Gordon - Ice Dragons : 2 - River Frogs : 3.
18:40 of 2nd period - Justin Shugg wins face-off versus Dominik Simon in neutral zone.
18:43 of 2nd period - Mitch Marner is hit by Sam Carrick and loses puck.
19:51 of 2nd period - Jerome Gauthier-Leduc is hit by Nikita Zadorov and loses puck.
Goals for this period are 2 for Ice Dragons vs 2 for River Frogs.
Shots for this period are 5 for Ice Dragons vs 12 for River Frogs.
3rd period
0:01 of 3rd period - Corban Knight wins face-off versus Dominik Simon in neutral zone.
0:26 of 3rd period - Billy Sweat is hit by Emerson Etem and loses puck.
0:47 of 3rd period - Timothy Kunes is hit by William Carrier and loses puck.
1:04 of 3rd period - Wrist shot by Theodor Blueger.
1:04 of 3rd period - Shot Misses the Net.
1:50 of 3rd period - Slapshot by Kevin Connauton.
1:50 of 3rd period - Goal by Kevin Connauton - Ice Dragons : 3 - River Frogs : 3.
1:51 of 3rd period - Dominik Simon wins face-off versus Corban Knight in neutral zone.
2:40 of 3rd period - Wrist shot by Andrew Gordon.
2:40 of 3rd period - Deflect By Chris Wagner.
2:40 of 3rd period - Shot Blocked by Adam Clendening.
2:40 of 3rd period - Puck is out of play.
2:41 of 3rd period - Ryan Fitzgerald wins face-off versus Emil Pettersson in Ice Dragons zone.
3:48 of 3rd period - Slapshot by William Carrier.
3:48 of 3rd period - Shot Misses the Net.
3:54 of 3rd period - Slapshot by Emil Pettersson.
3:54 of 3rd period - Stopped by Thomas Greiss with a rebound.
3:56 of 3rd period - Wrist shot by William Carrier.
3:56 of 3rd period - Goal by William Carrier - Ice Dragons : 4 - River Frogs : 3.
3:57 of 3rd period - Dominik Simon wins face-off versus Brandon Kozun in neutral zone.
4:27 of 3rd period - Ondrej Kase is hit by Adam Clendening.
4:52 of 3rd period - Shea Theodore is hit by Samuel Groulx and loses puck.
5:03 of 3rd period - William Carrier is hit by Joakim Nordstrom.
5:10 of 3rd period - Icing by Jerome Gauthier-Leduc.
5:11 of 3rd period - Emil Pettersson wins face-off versus Jared Knight in Ice Dragons zone.
5:11 of 3rd period - Emil Pettersson is hit by David Kolomatis.
5:27 of 3rd period - Slapshot by William Carrier.
5:27 of 3rd period - Shot Misses the Net.
5:29 of 3rd period - Slapshot by Emil Pettersson.
5:29 of 3rd period - Shot Hit the Post.
5:31 of 3rd period - Snap shot by Chris Wagner.
5:31 of 3rd period - Goal by Chris Wagner - Ice Dragons : 5 - River Frogs : 3.
5:31 of 3rd period - Tyler Beskorowany enters game.
5:32 of 3rd period - Corban Knight wins face-off versus Dominik Simon in neutral zone.
5:53 of 3rd period - Sam Carrick is hit by Morgan Rielly.
5:59 of 3rd period - Shea Theodore is hit by Justin Shugg and loses puck.
6:21 of 3rd period - Slapshot by Nikita Zadorov.
6:21 of 3rd period - Stopped by Chet Pickard without a rebound.
6:22 of 3rd period - Austin Watson wins face-off versus Corban Knight in Ice Dragons zone.
6:29 of 3rd period - Backhand shot by Brandon Kozun.
6:29 of 3rd period - Shot Blocked by Jared Knight.
6:31 of 3rd period - Slapshot by Samuel Groulx.
6:31 of 3rd period - Shot Blocked by Austin Watson.
6:33 of 3rd period - Slapshot by Corban Knight.
6:33 of 3rd period - Shot Misses the Net.
7:13 of 3rd period - Nikita Zadorov is hit by William Carrier and loses puck.
8:22 of 3rd period - Off-side.
8:23 of 3rd period - Mitch Marner wins face-off versus Theodor Blueger in neutral zone.
8:31 of 3rd period - Minor Penalty to Juho Lammikko for Interference.
8:32 of 3rd period - Ondrej Kase wins face-off versus Corban Knight in Ice Dragons zone.
8:44 of 3rd period - Slapshot by Emerson Etem.
8:44 of 3rd period - Shot Misses the Net.
8:46 of 3rd period - Slapshot by Timothy Kunes.
8:46 of 3rd period - Shot Misses the Net.
8:48 of 3rd period - Snap shot by Matt Calvert.
8:48 of 3rd period - Stopped by Chet Pickard with a rebound.
10:31 of 3rd period - Penalty to Juho Lammikko is over, Juho Lammikko is back on ice.
10:35 of 3rd period - Snap shot by Billy Sweat.
10:35 of 3rd period - Stopped by Tyler Beskorowany with a rebound.
11:05 of 3rd period - Wrist shot by Jared Knight.
11:05 of 3rd period - Stopped by Chet Pickard without a rebound.
11:06 of 3rd period - Emil Pettersson wins face-off versus Mitch Marner in Ice Dragons zone.
11:12 of 3rd period - Off-side.
11:13 of 3rd period - Mitch Marner wins face-off versus Emil Pettersson in neutral zone.
11:47 of 3rd period - Minor Penalty to Corban Knight for Tripping.
11:48 of 3rd period - Ondrej Kase wins face-off versus William Carrier in Ice Dragons zone.
11:58 of 3rd period - Snap shot by Emerson Etem.
11:58 of 3rd period - Shot Blocked by Kevin Connauton.
12:25 of 3rd period - Slapshot by Shea Theodore.
12:25 of 3rd period - Shot Misses the Net.
12:37 of 3rd period - Shea Theodore is hit by Adam Clendening and loses puck.
13:47 of 3rd period - Penalty to Corban Knight is over, Corban Knight is back on ice.
14:08 of 3rd period - Snap shot by Phil Di Giuseppe.
14:08 of 3rd period - Goal by Phil Di Giuseppe - Ice Dragons : 6 - River Frogs : 3.
14:09 of 3rd period - Corban Knight wins face-off versus Dominik Simon in neutral zone.
14:30 of 3rd period - Minor Penalty to Timothy Kunes for Hooking.
14:31 of 3rd period - Corban Knight wins face-off versus Emerson Etem in River Frogs zone.
14:38 of 3rd period - Wrist shot by Jordan LaVallee.
14:38 of 3rd period - Shot Blocked by Nikita Zadorov.
15:05 of 3rd period - Morgan Rielly is hit by Zach Trotman and loses puck.
15:44 of 3rd period - Nikita Zadorov is hit by Billy Sweat and loses puck.
16:24 of 3rd period - Chris Wagner is hit by Joakim Nordstrom and loses puck.
16:30 of 3rd period - Penalty to Timothy Kunes is over, Timothy Kunes is back on ice.
16:59 of 3rd period - Morgan Rielly is hit by Kevin Connauton and loses puck.
17:28 of 3rd period - Slapshot by Shea Theodore.
17:28 of 3rd period - Shot Misses the Net.
17:42 of 3rd period - Snap shot by Ryan Fitzgerald.
17:42 of 3rd period - Stopped by Chet Pickard with a rebound.
17:44 of 3rd period - Slapshot by David Kolomatis.
17:44 of 3rd period - Shot Blocked by Adam Clendening.
18:28 of 3rd period - Snap shot by Brandon Kozun.
18:28 of 3rd period - Shot Misses the Net.
18:30 of 3rd period - Slapshot by Alex Plante.
18:30 of 3rd period - Shot Blocked by David Kolomatis.
18:48 of 3rd period - Minor Penalty to Emil Pettersson for Hooking.
18:49 of 3rd period - Corban Knight wins face-off versus Ondrej Kase in Ice Dragons zone.
18:56 of 3rd period - Ondrej Kase is hit by Adam Clendening.
19:22 of 3rd period - Snap shot by Dominik Simon.
19:22 of 3rd period - Stopped by Chet Pickard without a rebound.
19:23 of 3rd period - Corban Knight wins face-off versus Ondrej Kase in Ice Dragons zone.
19:23 of 3rd period - Corban Knight is hit by Matt Calvert.
19:55 of 3rd period - Wrist shot by Dominik Simon.
19:55 of 3rd period - Shot Blocked by Sam Carrick.
19:55 of 3rd period - Sam Carrick from Ice Dragons is injured at 19:55 of 3rd period (Strained Right Elbow).
19:56 of 3rd period - Ondrej Kase wins face-off versus Corban Knight in Ice Dragons zone.
Goals for this period are 4 for Ice Dragons vs 0 for River Frogs.
Shots for this period are 6 for Ice Dragons vs 5 for River Frogs.